 Dungeon Crawl Stone Soup version 0.23.0-3-gf3c87f2df8 (webtiles) character file.

Game seed: 8600192656566387139

1016 PentaManta the Shield-Bearer (level 8, 0/63 HPs)
             Began as a Formicid Fighter on Feb 22, 2019.
             Was an Initiate of Okawaru.
             Splashed by a jelly's acid (10 damage)
             ... on level 6 of the Dungeon.
             The game lasted 00:17:19 (5434 turns).

PentaManta the Shield-Bearer (Formicid Fighter)     Turns: 5434, Time: 00:17:21

Health: 0/63       AC: -9    Str: 24    XL:     8   Next: 45%
Magic:  8/8        EV:  9    Int:  7    God:    Okawaru [......]
Gold:   256        SH:  0    Dex: 10    Spells: 7/7 levels left

rFire    . . .     SeeInvis +   a - +1 war axe
rCold    . . .     Gourm    .   (no shield)
rNeg     . . .     Faith    .   b - +0 scale mail
rPois    .         Spirit   .   (helmet unavailable)
rElec    .         Reflect  .   (no cloak)
rCorr    .         Harm     .   (no gloves)
MR       .....                  (no boots)
Stlth    ..........             (no amulet)
HPRegen  0.20/turn              (no ring)
MPRegen  0.11/turn              (no ring)

@: corroded
A: permanent stasis, dig shafts and tunnels, four strong arms, antennae 3
a: Dig, Shaft Self, Renounce Religion


You were on level 6 of the Dungeon.
You worshipped Okawaru.
Okawaru was noncommittal.
You were not hungry.

You visited 2 branches of the dungeon, and saw 7 of its levels.

You collected 256 gold pieces.

Inventory:

Hand Weapons
 a - a +1 war axe (weapon)
Missiles
 i - 7 javelins (quivered)
Armour
 b - a +0 scale mail (worn)
 c - a +1 shield
Jewellery
 m - an uncursed ring of see invisible {unknown}
 n - an uncursed ring of magical power {unknown}
 o - a +4 ring of dexterity {unknown}
 q - an uncursed ring of protection from fire {unknown}
Wands
 d - a wand of enslavement (7)
 h - a wand of iceblast (7)
 r - a wand of flame (19)
Scrolls
 g - a scroll of random uselessness {unknown}
 j - a scroll of amnesia
 s - a scroll of noise {unknown}
 t - a scroll of identify
Potions
 e - a potion of heal wounds {unknown}
 k - 2 potions of haste {unknown}
 l - a potion of lignification {unknown}
 p - 3 potions of curing
Comestibles
 f - 10 rations


   Skills:
 + Level 5.5 Fighting
 * Level 6.2 Axes
 - Level 3.7 Armour
 * Level 7.7 Shields


You had 7 spell levels left.
You didn't know any spells.
Your spell library was empty.

Dungeon Overview and Level Annotations

Branches:
Dungeon (6/15)             Temple (1/1) D:5

Altars:
Ashenzari
Cheibriados
Dithmenos
Fedhas
Gozag
Hepliaklqana
Kikubaaqudgha
Makhleb
Nemelex Xobeh
Okawaru
Qazlal
Ru
Sif Muna
Trog
Uskayaw
Wu Jian
Xom
Yredelemnul
Zin


Innate Abilities, Weirdness & Mutations

You cannot be hasted, slowed, berserked, paralysed or teleported.
You can dig through walls and to a lower floor.
Your four strong arms can wield two-handed weapons with a shield.
You have a pair of large antennae on your head. (SInv)


Message History

The jelly is lightly wounded.
The jelly hits you. The acid corrodes you!
You are splashed with acid!
The jelly barely misses you.
You hit the jelly.
Your hands burn!
The jelly is moderately wounded.
The jelly hits you. The acid corrodes you!
You are splashed with acid!
You hit the jelly but do no damage.
Your hands burn!
The jelly is moderately wounded.
The jelly misses you.
You hit the jelly. The acid corrodes you!
Your hands burn!
The jelly is heavily wounded.
The jelly hits you.
You are splashed with acid!
* * * LOW HITPOINT WARNING * * *
You hit the jelly but do no damage.
Your hands burn!
* * * LOW HITPOINT WARNING * * *
The jelly is heavily wounded.
The jelly hits you.
* * * LOW HITPOINT WARNING * * *
The acid corrodes you!
You are splashed with acid!
You die...

.#. ..... ..
....# .. ....###
.##.....# #
....... #.##
#....# .#..# ###
#....# .)..#
....##.@..#.....
#......J..#..#
#..##........#
#............#
..###............
##......)....
#....#......
##...#......
#..##......


You could see a jelly.

Vanquished Creatures
  Duvessa (D:4)
  A centaur (D:5)
  A big kobold (D:3)
  Dowan (D:4)
  A scorpion (D:5)
  2 crimson imps (D:5)
  A centaur zombie (D:5)
  3 orc priests
  A hound (D:4)
  4 orc wizards
  3 worker ants
  A hound skeleton (D:5)
  A worker ant zombie (D:5)
  A gnoll (D:1)
  10 adders
  An ooze (D:2)
  2 worms
  2 dart slugs
  4 leopard geckos
  18 orcs
  3 ball pythons
  6 bats
  3 giant cockroaches
  7 goblins
  7 hobgoblins
  5 jackals
  10 kobolds
  2 quokkas (D:2)
  7 frilled lizards
  A leopard gecko zombie (D:5)
  9 rats
119 creatures vanquished.

Notes
Turn   | Place    | Note
-------+----------+-------------------------------------------
     0 | D:1      | PentaManta the Formicid Fighter began the quest for the
                  | Orb.
     0 | D:1      | Reached XP level 1. HP: 18/18 MP: 1/1
    24 | D:1      | Reached XP level 2. HP: 15/24 MP: 2/2
   315 | D:1      | Reached XP level 3. HP: 23/29 MP: 3/3
   772 | D:1      | Reached skill level 4 in Shields
   890 | D:2      | Reached XP level 4. HP: 37/37 MP: 4/4
  1423 | D:2      | Found an iron altar of Okawaru.
  1423 | D:2      | Found a hide-covered altar of Uskayaw.
  1425 | D:2      | Found a basalt altar of Yredelemnul.
  1427 | D:2      | Found an ancient bone altar of Kikubaaqudgha.
  1428 | D:2      | Found a snail-covered altar of Cheibriados.
  1507 | D:2      | Reached XP level 5. HP: 42/42 MP: 5/5
  2062 | D:3      | Noticed a big kobold
  2065 | D:3      | Reached skill level 5 in Shields
  2070 | D:3      | Killed a big kobold
  2070 | D:3      | Reached XP level 6. HP: 46/48 MP: 6/6
  2318 | D:3      | Found a stormy altar of Qazlal.
  2320 | D:3      | Found a burning altar of Makhleb.
  2885 | D:4      | Reached skill level 6 in Shields
  2885 | D:4      | Reached XP level 7. HP: 14/55 MP: 7/7
  3272 | D:4      | Noticed Dowan
  3274 | D:4      | Noticed Duvessa
  3290 | D:4      | Killed Duvessa
  3290 | D:4      | Reached skill level 5 in Axes
  3301 | D:4      | Killed Dowan
  3583 | D:4      | Reached skill level 5 in Fighting
  3731 | D:4      | Found a shimmering altar of Xom.
  3838 | D:5      | Entered Level 5 of the Dungeon
  3967 | D:5      | Reached skill level 7 in Shields
  3967 | D:5      | Reached XP level 8. HP: 30/62 MP: 8/8
  4374 | D:5      | Found a staircase to the Ecumenical Temple.
  4978 | Temple   | Entered the Ecumenical Temple
  5319 | D:2      | Became a worshipper of Warmaster Okawaru
  5434 | D:6      | Splashed by a jelly's acid

Skill      XL: |  1  2  3  4  5  6  7  8 |
---------------+-------------------------+-----
Shields        | 4 5 6 7 |  7.7
Axes           | 3 4 5 6 |  6.2
Fighting       | 4 5 |  5.5
Armour         | |  3.7

Action                   |  1- 3 |  4- 6 |  7- 9 || total
-------------------------+-------+-------+-------++-------
Melee: War axe           |    95 |   127 |   145 ||   367
Throw: Javelin           |       |     4 |       ||     4
 Abil: Dig               |       |       |     2 ||     2
  Use: Scroll            |       |     8 |       ||     8
       Potion            |       |       |     2 ||     2
  Eat: Chunk             |       |     7 |     6 ||    13
       Ration            |       |       |     1 ||     1
Armor: Scale mail        |    66 |    81 |    58 ||   205
Dodge: Dodged            |    43 |    64 |    63 ||   170
